AoeStats
← Chiripa605

Black Forest

510119954Analyzed
4v4 RM · 2d ago on Sep 29, 2026· 35m 16s· 8 players
Game mode
Random Map
Map size
Large (8 player)
Population
200
Speed
Normal
Resources
Standard
Victory
Conquest
Starting age
Dark Age
Ending age
Imperial Age
RankedLock teamsTeams togetherTeam positionsShared explorationLock speedFull tech treeHidden civsTurbo modeCheats
Victory
Defeat
🇮🇳 Celts · India
1399
+15
🇩🇪 Turks · Germany
1394
+16
🇩🇪 Burgundians · Germany
1372
+16
🇩🇪 Varangians · Germany
1269
+20
🇺🇸 Wu · United States
1433
-19
🇹🇼 Saxons · Taiwan
1366
-16
🇵🇱 Ethiopians · Poland
1366
-16
🇯🇵 Mongols · Japan
1355
-16
ALmotema
1:00 Loom
11:31 Feudal Age
15:14 Castle Age
13:17 Double-Bit Axe
14:55 Horse Collar
16:17 Scale Mail Armor
16:28 Squires
16:40 Forging
16:46 Heavy Plow
18:38 Bow Saw
22:09 Stone Mining
23:39 Redemption
24:02 Bow Saw
25:33 Wheelbarrow
25:07 Gold Mining
26:52 Hand Cart
30:39 Imperial Age
32:54 Two-Man Saw
Chiripa605
0:50 Loom
12:00 Feudal Age
16:29 Castle Age
15:10 Double-Bit Axe
17:45 Bow Saw
18:30 Fletching
19:21 Horse Collar
25:19 Bodkin Arrow
27:48 Scale Mail Armor
29:34 Ballistics
31:34 Red Cliffs Tactics
31:40 Gold Mining
31:59 Padded Archer Armor
33:12 Heavy Plow
34:02 Gold Shaft Mining
Czotyn
10:59 Feudal Age
14:59 Castle Age
13:50 Double-Bit Axe
17:09 Horse Collar
19:27 Bow Saw
25:38 Imperial Age
24:34 Wheelbarrow
23:58 Fletching
26:11 Heavy Plow
26:30 Bodkin Arrow
26:35 Padded Archer Armor
25:58 Crossbowman
27:56 Arbalester
28:42 Thumb Ring
29:54 Ballistics
30:49 Bracer
sada-aki
8:52 Loom
11:47 Feudal Age
12:27 Double-Bit Axe
16:13 Castle Age
17:18 Bow Saw
25:12 Gold Mining
26:29 Caravan
32:05 Imperial Age
29:37 Stone Mining
30:59 Wheelbarrow
30:58 Horse Collar
32:14 Hand Cart
33:06 Drill
32:08 Capped Ram
33:24 Coinage
33:16 Heavy Scorpion
33:28 Siege Ram
Szorinx
5:50 Loom
12:35 Feudal Age
13:36 Double-Bit Axe
17:01 Castle Age
14:54 Horse Collar
23:29 Wheelbarrow
24:05 Bow Saw
26:29 Hand Cart
26:08 Gold Mining
26:59 Heavy Plow
30:04 Imperial Age
27:49 Scale Barding Armor
27:54 Forging
28:41 Bloodlines
28:32 Husbandry
29:07 Stone Mining
30:05 Chain Barding Armor
30:20 Iron Casting
29:46 Vendel Legacy
30:15 Cavalier
31:18 Conscription
32:25 Plate Barding Armor
33:29 Blast Furnace
33:09 Elite Jarl
35:44 Caravan
35:57 Guilds
GOGO
0:52 Loom
5:03 Double-Bit Axe
12:42 Feudal Age
11:51 Horse Collar
12:05 Gold Mining
13:23 Gold Mining
15:06 Bow Saw
17:14 Castle Age
16:20 Wheelbarrow
17:23 Heavy Plow
20:15 Two-Man Saw
21:55 Hand Cart
22:03 Hand Cart
24:13 Husbandry
23:34 Cavalier
25:23 Forging
25:18 Scale Barding Armor
28:32 Iron Casting
28:55 Chain Barding Armor
28:55 Light Cavalry
INSIDIOUS
0:49 Loom
13:57 Feudal Age
18:17 Castle Age
16:22 Double-Bit Axe
16:19 Horse Collar
17:53 Gold Mining
24:42 Imperial Age
23:46 Bow Saw
23:45 Padded Archer Armor
24:46 Leather Archer Armor
26:20 Ring Archer Armor
snek_fan
0:47 Loom
11:51 Feudal Age
15:53 Castle Age
14:01 Double-Bit Axe
14:40 Horse Collar
21:20 Fortified Wall
22:22 Masonry
26:01 Stone Mining
28:13 Wheelbarrow
29:18 Fletching
35:43 Imperial Age
35:19 Hand Cart
Connection lost

Rejoining the realm…

Still unreachable

The connection could not be restored.

Session expired

The server has moved on; the page needs a fresh start.